 Dungeon Crawl Stone Soup version 0.31.0-1-g2c135a008e (webtiles) character file.

Game seed: 15171687389362452865

38 qw the Shooter (level 3, -10/28 HPs)
             Began as a Djinni Hunter on Jan 23, 2024.
             Killed by nerve-wracking pain
             ... invoked by Jessica
              (12 damage)
             ... on level 2 of the Dungeon.
             The game lasted 00:00:01 (613 turns).

qw the Shooter (Djinni Hunter)                       Turns: 613, Time: 00:00:02

Health: -10/28     AC:  3    Str: 10    XL:     3   Next: 65%
Gold:   44         EV: 12    Int: 10    God:
                   SH:  0    Dex: 18

rFire   + + .        a - +0 shortbow
rCold   x . .        (shield currently unavailable)
rNeg    . . .        c - +0 leather armour
rPois   inf          (no helmet)
rElec   .            (no cloak)
rCorr   .            (no gloves)
SInv    .            (boots unavailable)
Will    .....        (no amulet)
Stlth   ++           (no ring)
HPRegen 0.24/turn    (no ring)
MPRegen 0.00/turn

%: infuse magic (-11 HP)
@: flying
A: sickness immunity, fire resistance 2, cold vulnerability 1, float, innate
caster, HP casting, extra vitality 1
a: no special abilities


You were on level 2 of the Dungeon.
You visited 1 branch of the dungeon, and saw 2 of its levels.

You collected 44 gold pieces.


Innate Abilities, Weirdness & Mutations

You are immune to sickness and miasma.
You are immune to poison.
Your flesh is very heat resistant. (rF++)
You are vulnerable to cold. (rC-)
You float through the air rather than walking.
You learn spells naturally, not from books.
Your magical power is your life essence.
You have superior vitality. (+4 MHP)


   Skills:
 + Level 2.1 Fighting
 - Level 4.2 Ranged Weapons
 - Level 2.1 Dodging
 - Level 0.7 Stealth


You knew the following spells:

 Your Spells              Type           Power      Damage    Failure   Level
a - Slow                  Hex            0%         N/A       45%         1
Your spell library was empty.

Inventory:

Hand Weapons
 a - a +0 shortbow (weapon)
Armour
 c - a +0 leather armour (worn)

Dungeon Overview and Level Annotations

Branches:
Dungeon (2/15)

Altars:

Annotations:
D:2 Jessica


Message History

Jessica hits you but does no damage.
You shoot an arrow.
The arrow hits Jessica but does no damage.
Jessica is moderately wounded.
Jessica closely misses you.
You shoot an arrow. The arrow barely misses Jessica.
Jessica barely misses you.
You shoot an arrow.
The arrow hits Jessica but does no damage.
Jessica is moderately wounded.
Jessica hits you with a +0 club. Jessica casts a spell at you.
You barely resist. You shoot an arrow.
The arrow hits Jessica but does no damage.
Jessica is moderately wounded.
Jessica hits you with a +0 club.
You shoot an arrow.
The arrow hits Jessica but does no damage.
Jessica is moderately wounded.
Jessica casts a spell.
Jessica seems to speed up.
You shoot an arrow. The arrow barely misses Jessica.
Jessica barely misses you. Jessica hits you with a +0 club.
You shoot an arrow. The arrow closely misses Jessica.
Jessica mumbles some strange words.
Jessica blinks!
Jessica gestures at you while chanting. Pain shoots through your body!
You shoot an arrow. The arrow closely misses Jessica.
You shoot an arrow. The arrow barely misses Jessica.
You shoot an arrow. The arrow hits Jessica.
Jessica is severely wounded.
Jessica casts a spell.
Jessica blinks!
You shoot an arrow. The arrow hits Jessica.
Jessica is almost dead.
Jessica gestures at you while chanting. Pain shoots through your body!
You die...

...#### ###.....##
.....[... #......##
#....... .
#.#....%.#
...........#
#..####@.##.#
#..@..ยค###.########
#####.>###...(.%..#
##.......%<##.#
##..........##.#
#..........%##.#
#........#...#.#
#..............#
#####..........#


You could see Jessica (fast).

Vanquished Creatures
  Natasha (D:1)
  2 bats (D:1)
  An endoplasm (D:1)
  2 goblins
  A hobgoblin (D:1)
  A quokka (D:2)
  A ball python (D:2)
  A frilled lizard (D:1)
  3 rats
13 creatures vanquished.

Notes
Turn   | Place    | Note
-------+----------+-------------------------------------------
     0 | D:1      | qw the Djinni Hunter began the quest for the Orb.
     0 | D:1      | Reached XP level 1. HP: 18/18 MP: 0/0
     0 | D:1      | 0 ||| qw: Version: 0.3-a-135-gb77e89d
     0 | D:1      | 0 ||| qw: Game counter: 898
     0 | D:1      | 0 ||| qw: Melee chars always use a shield: true
     0 | D:1      | 0 ||| qw: God list: Okawaru
     0 | D:1      | 0 ||| qw: Allow faded altars: false
     0 | D:1      | 0 ||| qw: Do Orc after clearing Dungeon:15 true
     0 | D:1      | 0 ||| qw: Do second Lair branch before Depths: true
     0 | D:1      | 0 ||| qw: Lair rune preference: random
     0 | D:1      | 0 ||| qw: Goals: Normal
     0 | D:1      | 0 ||| PLANNING D:1-11
   368 | D:1      | Reached XP level 2. HP: 22/23 MP: 0/0
   521 | D:1      | 521 ||| READING scroll labelled NOTUXAN SODAAPYLO.
   521 | D:1      | 521 ||| IDENTIFYING scroll labelled DAGUUG DEIGUDGH
   522 | D:1      | 522 ||| DROPPING scroll of butterflies.
   523 | D:1      | 523 ||| DROPPING scroll of noise.
   541 | D:2      | Noticed Natasha
   545 | D:2      | 545 ||| STAIRDANCE
   548 | D:1      | Killed Natasha
   549 | D:1      | Reached skill level 4 in Ranged Weapons
   549 | D:1      | Reached XP level 3. HP: 28/28 MP: 0/0
   549 | D:1      | Learned a level 1 spell: Slow
   589 | D:2      | Noticed Jessica
   609 | D:2      | HP: 1/28 [Jessica/nerve-wracking pain (13)]
   613 | D:2      | Killed from afar by Jessica

Levels and vault maps discovered:
D:1:      minmay_arrival_stone_box, layout_loops_ring
D:2:      layout_basic, uniq_jessica, uniq_natasha

Skill      XL: |  1  2 |
---------------+-------+-----
Ranged Weapons | 4 |  4.2
Fighting       | |  2.1
Dodging        | |  2.1
Stealth        | |  0.7

Action                     || total
---------------------------++-------
   Fire: Shortbow          ||    50
    Use: Scroll            ||     1
 Armour: Leather armour    ||    19
  Dodge: Dodged            ||    16

Table legend:
 A = Non-vault XP
 B = Vault XP
 C = Vault XP percentage of total XP
 D = Non-vault monster count
 E = Vault monster count
 F = Vault count percentage of total count
                 A         B        C        D         E       F
            +---------+---------+-------+---------+---------+-------
      Total |      19 |      36 |  65.5 |      12 |       1 |   7.7
            +---------+---------+-------+---------+---------+-------
        D:1 |      12 |      36 |  75.0 |       7 |       1 |  12.5
        D:2 |       7 |       0 |   0.0 |       5 |       0 |   0.0
            +---------+---------+-------+---------+---------+-------
